 Dungeon Crawl Stone Soup version 0.28-a0-683-ga8797d1ae1 (webtiles) character file.

Game seed: 3415113035376991759

25624 lorenzova the Eclecticist (level 12, -2/59 HPs)
             Began as a Deep Elf Conjurer on Oct 18, 2021.
             Was an Elder of Vehumet.
             Slain by a polar bear (7 damage)
             ... on level 5 of the Lair of Beasts.
             The game lasted 00:59:45 (23773 turns).

lorenzova the Eclecticist (Deep Elf Conjurer)      Turns: 23773, Time: 00:59:45

Health: -2/59      AC: 12    Str:  4    XL:     12   Next: 91%
Magic:  10/35      EV: 12    Int: 29    God:    Vehumet [****..]
Gold:   1041       SH:  5    Dex: 13    Spells: 25/45 levels left

rFire   . . .      SeeInvis .   T - staff of air
rCold   + . .      Faith    .   (no shield)
rNeg    . . .      Spirit   .   a - +0 robe
rPois   +          Reflect  +   S - +1 helmet
rElec   +          Harm     .   (no cloak)
rCorr   .          Rampage  .   F - +0 pair of gloves
Will    ++...                   x - +2 pair of boots
Stlth   ++........              C - amulet of reflection
HPRegen 0.19/turn               I - +4 ring of protection
MPRegen 0.24/turn               e - ring "Giweur" {rPois rC+ Will+}

@: studying Earth Magic
A: no striking features
a: Renounce Religion


You were on level 5 of the Lair of Beasts.
You worshipped Vehumet.
Vehumet was greatly pleased with you.
You visited 3 branches of the dungeon, and saw 16 of its levels.
You also visited: Sewer.

You collected 1041 gold pieces.

Inventory:

Hand Weapons
 z - a +2 flail of protection
 Q - a +2 dagger of venom
Missiles
 P - 6 throwing nets
Armour
 a - a +0 robe (worn)
 x - a +2 pair of boots (worn)
 F - a +0 pair of gloves (worn)
 S - a +1 helmet (worn)
Magical Staves
 T - a staff of air (weapon)
Jewellery
 e - the ring "Giweur" (right hand) {rPois rC+ Will+}
   (You took it off a gnoll sergeant on level 7 of the Dungeon)

   [ring of willpower]

   rC:        It protects you from cold.
   rPois:     It protects you from poison.
   Will:      It increases your willpower.
 i - a ring of protection from cold
 q - a ring of flight
 C - an amulet of reflection (around neck)
 D - a ring of see invisible
 E - a ring of willpower
 I - a +4 ring of protection (left hand)
 N - an amulet of magic regeneration
 V - an amulet of the acrobat
Wands
 u - a wand of paralysis (13)
 w - a wand of acid (10)
 J - a wand of flame (47)
 L - a wand of iceblast (9)
 M - a wand of digging (8)
 R - a wand of mindburst (16)
 U - a wand of polymorph (10)
Scrolls
 c - 7 scrolls of enchant armour
 f - 5 scrolls of blinking
 g - a scroll of fog
 j - 4 scrolls of immolation
 o - 4 scrolls of fear
 p - a scroll of summoning
 s - 3 scrolls of vulnerability {unknown}
 v - 2 scrolls of noise {unknown}
 y - a scroll of silence {unknown}
 A - 4 scrolls of teleportation {unknown}
 G - a scroll of amnesia
 H - 4 scrolls of magic mapping
 K - a scroll of torment
 O - a scroll of brand weapon
 X - a scroll of holy word {unknown}
 Y - a scroll of identify
Potions
 b - 9 potions of curing
 d - 3 potions of resistance
 h - 2 potions of haste
 k - a potion of might
 l - 5 potions of attraction
 m - 4 potions of heal wounds
 n - 4 potions of mutation
 r - 2 potions of ambrosia
 t - 6 potions of flight
 B - a potion of brilliance
 W - a potion of magic


   Skills:
 - Level 2.4 Dodging
 - Level 2.4 Stealth
 * Level 17.1 Spellcasting
 * Level 15.0 Conjurations
 - Level 6.0 Hexes
 - Level 6.0 Translocations
 * Level 9.9 Fire Magic


You had 25 spell levels left.
You knew the following spells:

 Your Spells              Type           Power      Damage    Failure   Level
a - Magic Dart            Conj           100%       1d8       0%          1
b - Searing Ray           Conj           100%       2d8       0%          2
c - Iskenderun's Mystic   Conj/Tloc      72%        2d15      1%          4
d - Fulminant Prism       Conj/Hex       36%        3d18      1%          4
p - Blink                 Tloc           N/A        N/A       1%          2
s - Sticky Flame          Conj/Fire      78%        2d9       1%          4
x - Conjure Flame         Conj/Fire      78%        6-21      1%          3

Your spell library contained the following spells:

 Spells                   Type           Power      Damage    Failure   Level
 Yara's Violent Unravell  Hex/Tmut       21%        3d10      4%          5
 Dazzling Flash           Conj/Hex       100%       N/A       1%          3
 Ignite Poison            Fire/Tmut/Pois 44%        N/A       1%          3
 Portal Projectile        Hex/Tloc       100%       N/A       1%          3
 Stone Arrow              Conj/Erth      100%       3d13      1%          3
 Call Canine Familiar     Summ           24%        N/A       5%          3
 Leda's Liquefaction      Hex/Erth       21%        N/A       5%          4
 Animate Armour           Summ/Erth      48%        N/A       19%         4
 Lehudib's Crystal Spear  Conj/Erth      31%        10d8      77%         8
 Haunt                    Necr/Summ      12%        N/A       100%        7
 Summon Horrible Things   Summ           12%        N/A       100%        8


Dungeon Overview and Level Annotations

Branches:
Dungeon (10/15)            Temple (1/1) D:6            Lair (5/6) D:10
 Shoals (0/4) Lair:3       Spider (0/4) Lair:2          Orc (0/2) D:9
  Sewer (visited)
  Slime: Lair:5-6

Altars:
Ashenzari
Cheibriados
Dithmenos
Elyvilon
Fedhas
Gozag
Hepliaklqana
Kikubaaqudgha
Makhleb
Nemelex Xobeh
Okawaru
Qazlal
Ru
Sif Muna
Trog
Uskayaw
Vehumet
Wu Jian
Xom
Yredelemnul
Zin
The Shining One

Shops:
D:5 [   D:10 *

Annotations:
Lair:2 1 runed translucent door, Siem's ghost, journeyman OpCj
Lair:4 exclusion: oklob plant


Message History

Confirm with . or Enter, or press ? or * to list all spells.
You erupt in a blast of force!
The mystic blast hits the boulder beetle!
The boulder beetle is moderately wounded.
The boulder beetle is knocked back by the mystic blast.
Unknown command.
Casting: Iskenderun's Mystic Blast (safe; 1% risk of failure)
Confirm with . or Enter, or press ? or * to list all spells.
You erupt in a blast of force!
The mystic blast hits the boulder beetle but does no damage.
The boulder beetle is moderately wounded.
The boulder beetle hits you!!!
Ouch! That really hurt!
The boulder beetle stops rolling and uncurls.
The boulder beetle curls into a ball and begins rolling!
There is a stone staircase leading down here.
The boulder beetle hits you!
* * * LOW HITPOINT WARNING * * *
The boulder beetle stops rolling and uncurls.
You climb downwards.
The polar bear growls angrily.
The water moccasin hisses angrily.
Found 19 arrows and a potion of curing.
There is a stone staircase leading up here.
Casting: Iskenderun's Mystic Blast (safe; 1% risk of failure)
Confirm with . or Enter, or press ? or * to list all spells.
Aiming: Magic Dart (safe; 0% risk of failure)
Press: ? - help, Shift-Dir - straight line, f - polar bear
Aim: a polar bear (100% to hit)
The magic dart hits the polar bear but does no damage.
Unknown command.
Casting: Magic Dart (safe; 0% risk of failure)
Confirm with . or Enter, or press ? or * to list all spells.
Aiming: Sticky Flame (safe; 1% risk of failure)
Press: ? - help, Shift-Dir - straight line, f/p - polar bear
Aim: a polar bear (100% to hit)
The sticky flame hits the polar bear!
The polar bear is moderately wounded.
The polar bear is covered in liquid flames!
The polar bear burns!
The polar bear bites you!
You die...

..## ....#
...##.....
#.P.......
##.P.....##
#........P.
#(........P
##.#..h.......
#.....@.......
#.............
...#.........P.
# #...S.......
#.#......#..
.....!...# . ..
...##...
.#...... ..P.


You could see a polar bear (burning) and a water moccasin.

Vanquished Creatures
  A boulder beetle (Lair:2)
  A two-headed ogre (D:10)
  A centaur warrior (D:8)
  4 death yaks (Lair:3)
  The ghost of sn0wgr3 the Blocker, a novice MiFi of Cheibriados (D:7)
  A lindwurm (Lair:4)
  A merfolk siren (Lair:3)
  A black mamba (Lair:2)
  4 rime drakes
  5 cane toads
  10 komodo dragons
  5 polar bears
  A troll (D:8)
  10 blink frogs (Lair:3)
  13 yaks
  A wraith (D:9)
  4 wyverns
  Eustachio (D:6)
  2 basilisks
  2 steam dragons
  Grum (D:7)
  An acid dragon (D:10)
  11 water moccasins
  2 hornet zombies
  6 orc warriors
  8 black bears
  2 ogres
  A sky beast (D:5)
  2 ice beasts
  The ghost of DungeonMaster the Skirmisher, an amateur DsWn (D:3)
  The ghost of p0werm0de the Skirmisher, an amateur DjCK of Xom (D:3)
  3 centaurs
  7 wolves
  3 phantoms
  6 kobold brigands
  Blork the orc (D:6)
  10 bullfrogs
  4 gnoll sergeants
  5 scorpions
  A killer bee (D:8)
  A howler monkey (D:7)
  6 wights
  3 electric eels
  4 centaur zombies
  5 hounds
  2 jellies
  3 centaur skeletons
  5 orc priests
  4 gnoll shamans
  13 orc wizards
  A scorpion zombie (D:5)
  4 hell rats (Lair:1)
  A hound skeleton (D:2)
  3 howler monkey zombies
  24 gnolls
  A howler monkey skeleton (D:7)
  13 adders
  2 river rats (Sewer)
  A shadow imp (D:7)
  3 white imps
  2 worms
  2 dart slugs
  48 orcs
  20 ball pythons
  6 bats
  14 endoplasms
  5 giant cockroaches
  6 goblins
  12 hobgoblins
  4 jackals (D:1)
  4 quokkas
  2 frilled lizards (D:3)
  24 kobolds
  11 rats
404 creatures vanquished.

Vanquished Creatures (others)
  53 fulminant prisms
  23 fungi
  70 plants
146 creatures vanquished.

Grand Total: 550 creatures vanquished

Notes
Turn   | Place    | Note
-------+----------+-------------------------------------------
     0 | D:1      | lorenzova the Deep Elf Conjurer began the quest for the
                  | Orb.
     0 | D:1      | Reached XP level 1. HP: 10/10 MP: 6/6
   142 | D:1      | Reached XP level 2. HP: 15/15 MP: 1/8
   205 | D:1      | Learned a level 2 spell: Searing Ray
   389 | D:1      | Found a faded altar of an unknown god.
   660 | D:1      | Reached skill level 4 in Spellcasting
   747 | D:2      | Reached skill level 5 in Conjurations
   747 | D:2      | Reached XP level 3. HP: 19/19 MP: 2/10
  1123 | D:2      | Reached XP level 4. HP: 24/24 MP: 6/12
  1514 | D:2      | Reached skill level 5 in Spellcasting
  1922 | D:3      | Found a runed translucent gate.
  1922 | D:3      | Found a runed translucent gate.
  1922 | D:3      | Found a runed translucent gate.
  1922 | D:3      | Noticed p0werm0de's ghost (amateur DjCK)
  1972 | D:3      | Found a stormy altar of Qazlal.
  2093 | D:3      | Noticed DungeonMaster's ghost (amateur DsWn)
  2152 | D:3      | Reached XP level 5. HP: 28/28 MP: 8/14
  2168 | D:3      | Found a glowing drain.
  2210 | Sewer    | Entered a sewer
  2289 | Sewer    | Reached skill level 6 in Spellcasting
  2904 | Sewer    | Reached XP level 6. HP: 32/32 MP: 10/17
  3676 | Sewer    | Reached skill level 7 in Spellcasting
  4952 | D:4      | Reached XP level 7. HP: 36/36 MP: 13/19
  5680 | D:5      | Entered Level 5 of the Dungeon
  5680 | D:5      | Found Fozxy's Antique Armour Boutique.
  5882 | D:5      | Reached skill level 8 in Spellcasting
  6459 | D:5      | Reached skill level 9 in Spellcasting
  6770 | D:6      | Learned a level 4 spell: Fulminant Prism
  6775 | D:6      | Learned a level 4 spell: Iskenderun's Mystic Blast
  6837 | D:6      | Reached XP level 8. HP: 31/41 MP: 17/23
  6925 | D:6      | Noticed Blork the orc
  6934 | D:6      | Killed Blork the orc
  7051 | D:6      | Reached skill level 1 in Hexes
  7155 | D:6      | Reached skill level 1 in Translocations
  7296 | D:6      | Got the Grimoire of Supportive Orientation
  7315 | D:6      | Noticed Eustachio
  7322 | D:6      | Killed Eustachio
  7437 | D:6      | Found a staircase to the Ecumenical Temple.
  7568 | D:6      | Reached skill level 10 in Spellcasting
  7752 | D:6      | Found a sparkling altar of Nemelex Xobeh.
  7752 | D:6      | Found a burning altar of Makhleb.
  7901 | Temple   | Entered the Ecumenical Temple
  7995 | Temple   | Became a worshipper of Vehumet
  8485 | D:7      | Found a transporter.
  9362 | D:7      | Reached XP level 9. HP: 45/45 MP: 20/25
  9618 | D:7      | HP: 1/45 [hornet zombie (9)]
  9620 | D:7      | Reached skill level 11 in Spellcasting
  9996 | D:7      | Reached skill level 10 in Conjurations
 10090 | D:7      | Noticed Grum
 10097 | D:7      | Identified the ring "Giweur" {rPois rC+ Will+}
 10124 | D:7      | Noticed sn0wgr3's ghost (novice MiFi)
 10141 | D:7      | Found a transporter.
 10150 | D:7      | You fall into a shaft and drop 2 floors!
 11166 | D:8      | Reached * piety under Vehumet
 11166 | D:8      | Offered knowledge of Foxfire by Vehumet.
 11299 | D:8      | Noticed a centaur warrior
 11352 | D:8      | Found a glowing golden altar of the Shining One.
 11354 | D:8      | Found a glowing silver altar of Zin.
 11367 | D:8      | Noticed a troll
 11371 | D:8      | Reached skill level 5 in Hexes
 11381 | D:8      | Found a broken altar of Ashenzari.
 11381 | D:8      | Found a glowing golden altar of the Shining One.
 11544 | D:9      | HP: 1/45 [orc wizard/puff of flame (5)]
 11789 | D:9      | Reached skill level 12 in Spellcasting
 11935 | D:9      | Found a staircase to the Orcish Mines.
 11953 | D:9      | Reached XP level 10. HP: 44/50 MP: 14/28
 11956 | D:9      | Noticed a two-headed ogre
 12162 | D:8      | Offered knowledge of Poisonous Vapours by Vehumet.
 12176 | D:8      | Reached ** piety under Vehumet
 12290 | D:8      | Killed a centaur warrior
 12291 | D:8      | Reached skill level 5 in Translocations
 13019 | D:8      | Reached skill level 13 in Spellcasting
 13304 | D:9      | Learned a level 4 spell: Sticky Flame
 13308 | D:9      | Learned a level 3 spell: Conjure Flame
 13715 | D:9      | Reached skill level 1 in Fire Magic
 13858 | D:9      | Offered knowledge of Mephitic Cloud by Vehumet.
 13996 | D:9      | Reached *** piety under Vehumet
 14528 | D:10     | Entered Level 10 of the Dungeon
 14826 | D:10     | Found Gozag's Platinum Reserve.
 14838 | D:10     | Offered knowledge of Hailstorm by Vehumet.
 14885 | D:10     | Found an opulent altar of Gozag.
 14949 | D:10     | Found a shimmering blue altar of Sif Muna.
 15132 | D:10     | Reached XP level 11. HP: 54/54 MP: 15/30
 15423 | D:10     | Reached skill level 14 in Spellcasting
 15461 | D:10     | Noticed a two-headed ogre
 15518 | D:10     | Killed a two-headed ogre
 15683 | D:10     | Found a staircase to the Lair.
 16264 | Lair:1   | Entered Level 1 of the Lair of Beasts
 16476 | Lair:1   | Reached **** piety under Vehumet
 16578 | Lair:1   | Reached skill level 5 in Fire Magic
 16580 | Lair:1   | Offered knowledge of Yara's Violent Unravelling by Vehumet.
 16993 | Lair:1   | Learned a level 2 spell: Blink
 17415 | Lair:1   | Reached skill level 15 in Spellcasting
 18647 | Lair:2   | Found a hole to the Spider Nest.
 19119 | Lair:2   | Noticed a boulder beetle
 19311 | Lair:2   | Reached XP level 12. HP: 37/59 MP: 26/33
 19609 | Lair:2   | Found a runed translucent door.
 19610 | Lair:2   | Noticed Siem's ghost (journeyman OpCj)
 19620 | Lair:2   | Identified the +3 spear "Mikapum" {vorpal, Will++}
 19806 | Lair:2   | Killed a boulder beetle
 20320 | D:3      | Killed p0werm0de's ghost
 20322 | D:3      | Killed DungeonMaster's ghost
 20685 | D:7      | Killed sn0wgr3's ghost
 20691 | D:7      | Killed Grum
 21050 | Lair:3   | Reached skill level 16 in Spellcasting
 21308 | Lair:3   | Noticed a death yak
 21308 | Lair:3   | Noticed a death yak
 21845 | Lair:3   | Noticed a death yak
 21877 | Lair:3   | Killed a death yak
 21880 | Lair:3   | Noticed a death yak
 21885 | Lair:3   | Killed a death yak
 21890 | Lair:3   | Killed a death yak
 21892 | Lair:3   | Killed a death yak
 22418 | Lair:3   | Found a staircase to the Shoals.
 22870 | Lair:4   | Reached skill level 17 in Spellcasting
 22933 | Lair:4   | Noticed a boulder beetle
 23136 | Lair:4   | Reached skill level 15 in Conjurations
 23773 | Lair:5   | Slain by a polar bear

Illustrated notes

Levels and vault maps discovered:
D:1:      tarquinn_simple_flora_water_a, layout_rooms,
          dreamdust_ecumenical_altar_statues
D:2:      layout_loops_ring
D:3:      layout_loops_ring, overflow_temple_1_default, portal_sewer_entry_e,
          gammafunk_ghost_cemetery, nrook_uturn, chequers_decorated_corner,
          minmay_snake_closets
D:4:      minmay_skewed_foursquare, layout_loops_ring
D:5:      layout_basic, serial_shops, shop
D:6:      layout_cave_pools, gammafunk_temple_overflow_statue, temple_statues,
          uniq_blork_the_orc, uniq_eustachio
D:7:      layout_loops_cross, gammafunk_ghost_gnarly_gnolls,
          nrook_pool_corridor, serial_bayou_pond_b
D:8:      minmay_the_grid_octo_tiled_squarecenter
          [minmay_the_grid_octo_concentric, minmay_the_grid_octo_thin_diamonds,
          minmay_the_grid_octo_odd_swirl, minmay_the_grid_octo_shrine,
          minmay_the_grid_square_5x5_megaprize_hollow,
          minmay_the_grid_square_5x5_minibox,
          minmay_the_grid_square_5x5_inner_i,
          minmay_the_grid_square_5x5_inverted_slash,
          minmay_the_grid_square_5x5_n], layout_basic, minmay_between
D:9:      kennysheep_housing_project, layout_rooms, david_orc_2
D:10:     layout_small_grid, mainiacjoe_overflow_cross_hatched,
          nicolae_gozag_zags_fifth_avenue, minmay_lair_entry_grove, st_stairs_2
Temple:   minmay_temple_bridge_d
Lair:1:   beast_lair_carwin_large_2, layout_loops_ring, grunt_megastairs_3,
          serial_bayou_shore_b, serial_bayou_shore_a
Lair:2:   layout_roguey, dummy_spider_entry, ebering_ghost_funeral_grove,
          st_stairs_9, wad_woods_03
Lair:3:   layout_misc_corridors, elwin_shoals_entry_rooms,
          infiniplex_staircase_pool
Lair:4:   minmay_lair_oklob_tunnel, layout_gridlike, grunt_megastairs_4
Lair:5:   layout_loops_ring, minmay_slime_entry_oklob_open, beast_lair_carwin_5,
          grunt_megastairs_2, lemuel_fruit_fields, serial_bayou_shore_b

Skill      XL: |  1  2  3  4  5  6  7  8  9 10 11 12 |
---------------+-------------------------------------+-----
Spellcasting   | 4 5 6 7 9 10 12 13 15 17 | 17.1
Conjurations   | 5 6 7 8 9 10 12 13 15 | 15.0
Hexes          | 3 5 6 |  6.0
Translocations | 2 4 6 |  6.0
Fire Magic     | 3 7 9 |  9.9
Dodging        | |  2.4
Stealth        | |  2.4

Action                   |  1- 3 |  4- 6 |  7- 9 | 10-12 || total
-------------------------+-------+-------+-------+-------++-------
Melee: Flail             |       |       |       |    19 ||    19
       Staff             |       |       |       |    12 ||    12
 Cast: Magic Dart        |    62 |   152 |   143 |   155 ||   512
       Searing Ray       |     1 |     9 |    67 |   112 ||   189
       Fulminant Prism   |       |       |    18 |    35 ||    53
       Iskenderun's Myst |       |       |     8 |    52 ||    60
       Sticky Flame      |       |       |       |    35 ||    35
       Conjure Flame     |       |       |       |    30 ||    30
  Use: Potion            |       |     3 |     2 |     3 ||     8
       Scroll            |       |     5 |     9 |     7 ||    21
Armor: Robe              |     1 |     9 |    13 |    25 ||    48
Dodge: Dodged            |     2 |    28 |    36 |    63 ||   129
Block: Other             |       |       |     6 |    33 ||    39
       Reflection        |       |       |     1 |     2 ||     3

Table legend: (Time is in decaauts)
 A = Elapsed time spent in this place.
 B = Non-inter-level travel time spent in this place.
 C = Inter-level travel time spent in this place.
 D = Time resting spent in this place.
 E = Time spent auto-exploring this place.
 F = Levels seen in this place.
 G = Mean time per level.
                   A        B        C        D        E       F      G
               +--------+--------+--------+--------+--------+-----+--------+
         Total |  24049 |  22842 |   1207 |  10570 |   8559 |  17 | 1414.6 |
       Dungeon |  15386 |  14472 |    914 |   6690 |   5273 |  10 | 1538.6 |
        Temple |    163 |     61 |    102 |      0 |     57 |   1 |  163.0 |
          Lair |   6775 |   6585 |    190 |   2958 |   2746 |   5 | 1355.0 |
         Sewer |   1724 |   1724 |      0 |    922 |    482 |   1 | 1724.0 |
               +--------+--------+--------+--------+--------+-----+--------+

Top non-repeatable levels by time:
     D:7: 2775 daAuts
  Lair:1: 2280 daAuts
     D:9: 2168 daAuts
     D:8: 2064 daAuts
   Sewer: 1724 daAuts
  Lair:2: 1713 daAuts
     D:3: 1650 daAuts
    D:10: 1603 daAuts
  Lair:3: 1557 daAuts
     D:6: 1245 daAuts
  Lair:4: 1222 daAuts
     D:4: 1143 daAuts
     D:5: 1086 daAuts
     D:2: 931 daAuts
     D:1: 717 daAuts
